 Dungeon Crawl Stone Soup version 0.18-a0-24-g6e14259 (webtiles) character file.

18 SlimeFever the Gusty (level 2, 20/20 HPs)
             Began as a Draconian Air Elementalist on Nov 3, 2015.
             Quit the game on level 1 of the Dungeon on Nov 6, 2015.
             The game lasted 00:08:33 (769 turns).

SlimeFever the Gusty (Draconian Air Elementalist)    Turns: 769, Time: 00:08:33

Health: 20/20      AC:  5    Str: 10    XL:     2   Next: 51%
Magic:  14/14      EV: 12    Int: 15    God:
Gold:   12         SH:  0    Dex: 14    Spells: 1 memorised, 4 levels left

rFire  . . .     SeeInvis .     d - +0 spear
rCold  . . .     Clarity  .     (armour unavailable)
rNeg   . . .     SustAt   .     (no shield)
rPois  .         Gourm    .     (helmet restricted)
rElec  .         Spirit   .     (no cloak)
rCorr  .         Warding  .     h - +0 pair of gloves
rMut   .         Stasis   .     (no boots)
MR     .....                    (no amulet)
Stlth  ++........               j - +3 ring of dexterity
                                i - ring of magical power

@: not resistant to hostile enchantments, unstealthy
A: unfitting armour, cold-blooded, AC +4
a: no special abilities


You were on level 1 of the Dungeon.
You were not hungry.

You visited 1 branch of the dungeon, and saw 1 of its levels.

You collected 12 gold pieces.

Inventory:

Hand Weapons
 d - a +0 spear (weapon)
 n - a +0 short sword
Missiles
 g - 20 sling bullets
Armour
 h - a +0 pair of gloves (worn)
Jewellery
 i - a ring of magical power (left hand)
 j - a +3 ring of dexterity (right hand)
Scrolls
 e - 2 scrolls of identify {unknown}
 k - a scroll of noise {unknown}
 l - a scroll of blinking {unknown}
 m - a scroll of recharging {unknown}
Potions
 c - a potion of resistance {unknown}
 f - 2 potions of mutation {unknown}
Books
 a - a book of Air

   Spells                             Type                      Level
   a - Shock                          Conjuration/Air              1
   b - Swiftness                      Charms/Air                   2
   c - Repel Missiles                 Charms/Air                   2
   d - Static Discharge               Conjuration/Air              3
   e - Lightning Bolt                 Conjuration/Air              5
Comestibles
 b - 2 bread rations
 o - a fruit


   Skills:
 + Level 2.0 Dodging
 + Level 1.9 Stealth
 + Level 2.1 Spellcasting
 + Level 1.0 Conjurations
 * Level 3.5 Air Magic


You had 4 spell levels left.
You knew the following spells:

 Your Spells              Type           Power        Failure   Level  Hunger
a - Shock                 Conj/Air       #...         12%         1    #......


Dungeon Overview and Level Annotations

Branches:
Dungeon (1/15)

Altars:


Innate Abilities, Weirdness & Mutations

Your plain brown scales are hard (AC +4).
Your body does not fit into most forms of armour.
You are cold-blooded and may be slowed by cold attacks.


Message History

You hit the goblin.
You kill the goblin!
The giant newt misses you.
You hit the giant newt.
You kill the giant newt!
You open the door. You open the door.
There is an open door here.
A goblin comes into view.
Attack whom?
Press: ? - help, Dir - move target cursor, f - goblin
Aim: a goblin (resting)
You reach to attack!
The helpless goblin fails to defend itself.
You hit the goblin.
You kill the goblin!
Welcome back, SlimeFever the Draconian Air Elementalist.
Press ? for a list of commands and other information.
Unknown command.
Are you sure you want to abandon this character and quit the game? (Confirm with "yes".)

#.# #.........#.####.# #.#
#.........#.####.# #.#
#.........#....... #.#
#.........######'# # #.#
#.........# ##... ## ##.#
#.........# ##.... .## ##..###
#.........###.....
..####.....#####.........##......
..'.............@.........'......
..####...#.#########...####......
.## #..##.# ##.## ##..... ##
#.###.# ########.## ##.... #
#.#...# #.........# ##... #.....#
#.######..#### ##+# ###.###
#.##.........# #.# #.#
#.##.###..##.# #.# #### #.#
#.##......##.# ##..


There were no monsters in sight!

Vanquished Creatures
  2 ball pythons (D:1)
  5 bats (D:1)
  4 goblins (D:1)
  A hobgoblin (D:1)
  2 giant newts (D:1)
  2 kobolds (D:1)
  3 rats (D:1)
19 creatures vanquished.

Notes
Turn   | Place    | Note
--------------------------------------------------------------
     0 | D:1      | SlimeFever the Draconian Air Elementalist began the quest for the Orb.
     0 | D:1      | Reached XP level 1. HP: 14/14 MP: 3/3
   267 | D:1      | Reached XP level 2. HP: 18/20 MP: 5/5
   769 | D:1      | Quit the game

Vault maps used:
D:1:      onia_arrival_handbag

Action                   || total
-------------------------++-------
Melee: Spear             ||    33
       Unarmed           ||     3
 Cast: Shock             ||    15
 Stab: Sleeping          ||     1
